AoeStats
← Barón de la Cerveza

Arabia

505141559Analyzed
1v1 RM · 26d ago on Sep 8, 2026· 34m 26s· 2 players
Game mode
Random Map
Map size
Tiny (2 player)
Population
200
Speed
Normal
Resources
Standard
Victory
Conquest
Starting age
Dark Age
Ending age
Imperial Age
RankedLock teamsTeams togetherTeam positionsShared explorationLock speedFull tech treeHidden civsTurbo modeCheats
Victory
Defeat
🇲🇽 Malay · Mexico
1805
+12
🇨🇱 Teutons · Chile
1720
-12
AiM | Cronnos
5:56 Loom
8:33 Feudal Age
9:11 Double-Bit Axe
19:23 Castle Age
17:56 Gold Mining
17:47 Horse Collar
18:53 Bloodlines
19:13 Scale Barding Armor
25:32 Forging
32:14 Sanctity
34:29 Chain Barding Armor
Barón de la Cerveza
7:49 Loom
9:49 Feudal Age
10:43 Double-Bit Axe
16:50 Fletching
19:45 Castle Age
18:10 Gold Mining
19:26 Bodkin Arrow
19:39 Crossbowman
26:41 Husbandry
27:19 Horse Collar
30:37 Scale Barding Armor
34:39 Imperial Age
32:07 Town Watch
33:14 Gold Shaft Mining
34:27 Bracer
34:15 Arbalester
Connection lost

Rejoining the realm…

Still unreachable

The connection could not be restored.

Session expired

The server has moved on; the page needs a fresh start.